 Dungeon Crawl Stone Soup version 0.27-a0-577-ge2a43ba0c9 (webtiles) character file.

Game seed: 16676642092471146098

177090 Chiseanne the Fighter (level 17, -2/95 HPs)
             Began as a Spriggan Berserker on Mar 9, 2021.
             Was an Elder of Trog.
             Killed from afar by a will-o-the-wisp (7 damage)
             ... with a foxfire
             ... on level 3 of the Swamp.
             The game lasted 01:35:40 (45671 turns).

Chiseanne the Fighter (Spriggan Berserker)         Turns: 45671, Time: 01:35:41

Health: -2/95      AC: 24    Str: 17    XL:     17   Next: 25%
Magic:  0/16       EV: 21    Int:  8    God:    Trog [****..]
Gold:   875        SH:  9    Dex: 18    Spells: 16/16 levels left

rFire    . . .     SeeInvis +   a - +9 war axe (freeze)
rCold    + + .     Faith    .   i - +0 buckler
rNeg     . . .     Spirit   +   B - +6 ice dragon scales
rPois    +         Reflect  .   F - +2 hat
rElec    .         Harm     .   v - +2 cloak {rCorr}
rCorr    +         Rampage  .   (gloves unavailable)
Will     ++++.                  (boots unavailable)
Stlth    ..........             m - amulet of guardian spirit
HPRegen  1.25/turn              U - ring of poison resistance
MPRegen  0.15/turn              b - ring of protection from fire

@: regenerating, very quick
A: very small, unfitting armour, horns 1, see invisible, speed 3, low mp 1
}: 1/15 runes: serpentine
a: Renounce Religion, Berserk, Trog's Hand, Brothers in Arms


You were on level 3 of the Swamp.
You worshipped Trog.
Trog was greatly pleased with you.
You visited 5 branches of the dungeon, and saw 30 of its levels.

You collected 2286 gold pieces.
You spent 1411 gold pieces at shops.

Inventory:

Hand Weapons
 a - a +9 war axe of freezing (weapon)
 d - the +7 quarterstaff of Fate {venom, rF+ Str+3 Int+3}
   (You took it off an orc on level 10 of the Dungeon)

   It poisons the flesh of those it strikes.
   It affects your strength (+3).
   It affects your intelligence (+3).
   It protects you from fire.
 f - a +3 long sword of holy wrath
 h - a +1 scimitar of flaming
 s - a +3 antimagic war axe {god gift}
 w - a +2 hand crossbow of flaming
Missiles
 c - a curare-tipped dart
 l - 64 poisoned darts
 u - 61 boomerangs (quivered)
 z - a throwing net
 Q - 3 silver boomerangs
Armour
 i - a +0 buckler (worn)
 q - a +2 troll leather armour {Snorg}
 v - a +2 cloak of preservation (worn)
 B - +6 ice dragon scales (worn)
 F - a +2 hat (worn)
 G - +0 fire dragon scales
 R - a scarf of invisibility
Jewellery
 b - a ring of protection from fire (right hand)
 m - an amulet of guardian spirit (around neck)
 t - a ring of resist corrosion
 U - a ring of poison resistance (left hand)
Wands
 k - a wand of paralysis (2)
 J - a wand of digging (1)
 M - a wand of flame (17)
 T - a wand of charming (18)
 W - a wand of polymorph (11)
Scrolls
 e - 12 scrolls of teleportation
 g - 2 scrolls of immolation
 n - 2 scrolls of summoning
 A - 2 scrolls of fog
 E - 3 scrolls of fear
 I - 7 scrolls of blinking
 K - 3 scrolls of identify
 L - 3 scrolls of magic mapping
 N - 2 scrolls of enchant weapon
 V - a scroll of brand weapon
Potions
 j - 5 potions of heal wounds
 o - 2 potions of cancellation
 p - 2 potions of might
 r - a potion of ambrosia
 x - 6 potions of flight
 D - 13 potions of curing
 O - 3 potions of magic
 S - 2 potions of invisibility
Miscellaneous
 y - a condenser vane
 C - a tin of tremorstones (2/2)
 H - a box of beasts
 P - a lightning rod (4/4)


   Skills:
 - Level 13.3 Fighting
 - Level 13.3 Axes
 - Level 10.8 Armour
 - Level 10.9 Dodging
 * Level 11.0 Shields
 - Level 11.9 Evocations


You had 16 spell levels left.
You didn't know any spells.
Your spell library was empty.

Dungeon Overview and Level Annotations

Branches:
Dungeon (15/15)            Temple (0/1) D:4            Lair (6/6) D:10
  Swamp (3/4) Lair:3        Snake (4/4) Lair:3        Slime (0/5) Lair:6
    Orc (2/2) D:9             Elf (0/3) Orc:2        Vaults (0/5) D:14
 Depths (0/5) D:15

Altars:
Ashenzari
Cheibriados
Dithmenos
Kikubaaqudgha
Makhleb
Nemelex Xobeh
Okawaru
Ru
Xom
Zin
The Shining One
Beogh
Jiyva

Shops:
Orc:2 !??:   Snake:3 [=

Portals:
Trove: D:11 (give +6 fire dragon scales)

Annotations:
Lair:1 exclusion: oklob plant
Swamp:2 2 transporters, 1 runed translucent door, Esebbu's ghost, adept DsAK


Innate Abilities, Weirdness & Mutations

You are very small and have problems with some larger weapons.
You are too small for most types of armour.
You have supernaturally acute eyesight. (SInv)
You cover ground extremely quickly. (Speed+++)
You have a pair of small horns on your head.
Your magical capacity is low. (-10% MP)


Message History

Aim: a will-o-the-wisp (lightly damaged, 67% to hit)
You throw a boomerang.
The boomerang hits the will-o-the-wisp but does no damage.
The will-o-the-wisp is lightly damaged.
The foxfire hits you! x2
Throw: 61 boomerangs
Press: ? - help, Q - select action, (/) - cycle Shift-Dir - straight line, f/p - will-o-the-wisp
Aim: a will-o-the-wisp (wisps of flame, lightly damaged, 67% to hit)
You throw a boomerang. The boomerang hits the foxfire.
The foxfire is lightly damaged.
The foxfire hits you! x2
Your skin crawls.
You feel strong-willed.
The will-o-the-wisp gestures.
The will-o-the-wisp conjures some foxfire! 2 foxfires come into view.
Your black bear goes berserk!
The foxfire hits your black bear!! The foxfire hits you.
The will-o-the-wisp gestures.
The will-o-the-wisp conjures some foxfire! 2 foxfires come into view.
The foxfire hits your black bear!!
Your black bear dies!
Your black bear's corpse disappears in a puff of smoke!
The will-o-the-wisp gestures.
The will-o-the-wisp conjures some foxfire! 2 foxfires come into view.
You slice the foxfire!! You freeze the foxfire!
The foxfire is moderately damaged.
You barely miss the foxfire. The foxfire hits you. The foxfire hits you!!
* * * LOW HITPOINT WARNING * * *
The foxfire hits you!
* * * LOW HITPOINT WARNING * * *
The will-o-the-wisp gestures.
The will-o-the-wisp conjures some foxfire! 2 foxfires come into view.
You feel much better. The foxfire hits you!!
* * * LOW HITPOINT WARNING * * *
The foxfire hits you!
You die...

♣.....♣♣
≈.≈≈≈≈.♣♣
♣§.≈≈≈.♣
♣♣♣.≈≈≈≈♣♣
...≈≈≈...♣♣♣
♣≈.....≈.♣
♣♣......≈.♣
♣♣≈≈≈v..♣♣♣♣
.♣♣.≈≈§§@♣♣
....≈§§§≈♣♣
≈...≈§v§.≈♣♣
♣...≈§≈≈≈<≈♣
≈..≈≈≈≈≈≈.♣..♣
≈≈≈≈≈§≈..♣♣≈≈≈♣
≈≈.(≈≈...♣ ♣♣♣
≈((..≈♣..♣
≈..≈≈≈≈..♣


You could see a will-o-the-wisp.

Vanquished Creatures
  6 nagarajas (Snake:4)
  Nessos (D:12)
  Snorg (Orc:2)
  2 eleionomae
  A fire dragon (Lair:6)
  A shambling mangrove (Swamp:2)
  Josephine (D:12)
  13 naga warriors
  Harold (D:6)
  4 boulder beetles
  4 vault guards (D:14)
  16 hydras
  A ghost crab (Swamp:1)
  7 centaur warriors
  An ice dragon (Lair:1)
  Erica (D:8)
  3 anacondas (Snake:4)
  2 alligators
  4 two-headed ogres
  2 tengu warriors (D:15)
  A vampire mage (D:15)
  7 naga sharpshooters
  3 orc high priests (Orc:2)
  Nergalle (Lair:2)
  5 shock serpents
  A goliath frog (Swamp:2)
  2 skeletal warriors
  A spriggan druid (Swamp:3)
  3 bog bodies (Lair:3)
  6 naga ritualists
  3 deep elf pyromancers
  A necromancer (D:15)
  2 wolf spider zombies
  A lindwurm (Lair:6)
  4 orc knights
  7 mana vipers
  5 orc sorcerers
  7 ugly things
  A manticore (D:12)
  2 cyclopes
  Maurice (D:8)
  3 salamanders
  2 guardian serpents
  Joseph (D:8)
  14 elephants
  A stone giant skeleton (D:15)
  34 black mambas
  12 cane toads
  15 naga magi
  A frost giant skeleton (D:15)
  4 gargoyles
  2 centaur skeletons (D:14)
  4 rime drakes
  Maggie (D:8)
  16 komodo dragons
  A kobold demonologist (D:7)
  A guardian mummy (D:15)
  2 polar bears
  4 trolls
  6 tyrant leeches
  Prince Ribbit (D:9)
  6 hornets
  5 dream sheep (Lair:6)
  2 slime creatures (D:10)
  21 blink frogs
  A meliai zombie (D:15)
  A spriggan skeleton (D:15)
  4 spriggans
  5 wyverns
  31 yaks
  A vampire (D:12)
  7 wraiths
  A steam dragon (Lair:6)
  6 basilisks
  A vampire mosquito (D:14)
  Grum (D:8)
  A soldier ant (D:13)
  35 nagas
  3 acid dragons
  9 swamp worms
  A tengu zombie (D:15)
  13 water moccasins
  4 wargs (Orc:2)
  3 hell hounds (Lair:6)
  A hornet zombie (D:14)
  31 orc warriors
  4 black bears
  4 ice beasts
  A sky beast (D:12)
  21 wolves
  18 centaurs
  20 ogres
  A phantom (D:7)
  A kobold brigand (D:10)
  18 bullfrogs
  Blork the orc (D:6)
  A wyvern zombie (D:6)
  A wyvern skeleton (D:14)
  3 scorpions
  15 killer bees
  13 wights
  5 howler monkeys
  3 electric eels
  5 lava snakes (Lair:6)
  A quasit (D:9)
  2 hounds
  4 human zombies (D:7)
  31 orc priests
  3 jellies
  2 centaur zombies
  3 bullfrog skeletons
  Jessica (D:3)
  A gnoll shaman (D:4)
  2 iguanas
  12 worker ants
  25 orc wizards
  3 human skeletons (D:7)
  A killer bee zombie (D:7)
  2 hound skeletons
  A hound zombie (D:9)
  A mummy (D:7)
  A worker ant zombie (D:11)
  10 adders
  3 gnolls (D:4)
  A howler monkey skeleton (D:8)
  2 shadow imps
  A white imp (D:5)
  2 ufetubi (D:6)
  An ooze (D:1)
  2 adder skeletons
  An adder zombie (D:8)
  3 worms
  4 dart slugs
  7 leopard geckos
  138 orcs
  5 giant cockroaches
  4 goblins
  3 hobgoblins
  6 jackals
  5 quokkas
  A ball python (D:7)
  A ball python skeleton (D:4)
  3 bats (D:2)
  5 frilled lizards
  A jackal skeleton (D:4)
  6 kobolds
  A leopard gecko skeleton (D:4)
  An orc skeleton (D:7)
  4 rats
907 creatures vanquished.

Vanquished Creatures (collateral kills)
  Saint Roka (Orc:2)
  Roxanne (Swamp:1)
  A naga warrior (Snake:4)
  2 anacondas (Snake:4)
  An orc high priest (Orc:2)
  A naga sharpshooter (Snake:4)
  A naga ritualist (Snake:4)
  2 black mambas
  A naga mage (Snake:4)
  2 molten gargoyles (Lair:6)
  A komodo dragon (Lair:6)
  6 dream sheep (Lair:6)
  A basilisk (Lair:6)
  4 nagas (Snake:4)
  A hell hound (Lair:6)
  6 orc warriors (Orc:2)
  A scorpion (D:10)
  2 orc priests (Orc:2)
  2 orc wizards (Orc:2)
  3 orcs
40 creatures vanquished.

Vanquished Creatures (others)
  A hydra (Swamp:1)
  A naga mage (Snake:4)
  11 foxfires (Swamp:3)
  50 fungi
  54 plants
  16 withered plants (D:15)
133 creatures vanquished.

Grand Total: 1080 creatures vanquished

Notes
Turn   | Place    | Note
-------+----------+-------------------------------------------
     0 | D:1      | Chiseanne the Spriggan Berserker began the quest for the
                  | Orb.
     0 | D:1      | Reached XP level 1. HP: 11/11 MP: 2/2
     0 | D:1      | Chiseanne: you idiots fucking sucl
     0 | D:1      | Chiseanne: suck
   226 | D:1      | Reached XP level 2. HP: 16/16 MP: 3/3
   774 | D:2      | Reached XP level 3. HP: 19/19 MP: 4/4
  1735 | D:3      | Found a broken altar of Ashenzari.
  1760 | D:3      | Reached ** piety under Trog
  1811 | D:3      | Reached skill level 5 in Dodging
  1910 | D:3      | Reached XP level 4. HP: 12/24 MP: 5/5
  2368 | D:3      | Noticed Jessica
  2375 | D:3      | Killed Jessica
  2909 | D:4      | Reached XP level 5. HP: 19/28 MP: 6/6
  3183 | D:4      | Found a glowing golden altar of the Shining One.
  3617 | D:4      | Found a staircase to the Ecumenical Temple.
  3734 | D:4      | Found an iron altar of Okawaru.
  3884 | D:4      | Reached XP level 6. HP: 17/33 MP: 7/7
  4642 | D:5      | Entered Level 5 of the Dungeon
  4680 | D:5      | Reached *** piety under Trog
  5322 | D:5      | Reached XP level 7. HP: 32/38 MP: 8/8
  6479 | D:6      | Reached skill level 5 in Fighting
  6479 | D:6      | Reached skill level 5 in Axes
  6603 | D:6      | Reached XP level 8. HP: 43/43 MP: 9/9
  6860 | D:6      | Noticed Blork the orc
  6866 | D:6      | Killed Blork the orc
  7344 | D:7      | Noticed Harold
  7528 | D:6      | Killed Harold
  7529 | D:6      | Reached XP level 9. HP: 38/48 MP: 10/10
  7828 | D:7      | Reached skill level 10 in Dodging
  8336 | D:7      | Reached **** piety under Trog
  8883 | D:7      | Noticed a kobold demonologist
  8888 | D:7      | Killed a kobold demonologist
  9195 | D:7      | Found an ancient bone altar of Kikubaaqudgha.
  9234 | D:7      | Reached skill level 1 in Armour
  9462 | D:7      | Reached XP level 10. HP: 55/55 MP: 11/11
  9628 | D:8      | Noticed Erica
  9634 | D:8      | Killed Erica
  9717 | D:8      | Noticed Maurice
  9717 | D:8      | Noticed Maggie
  9747 | D:8      | Killed Maggie
 10061 | D:8      | Found a sparkling altar of Nemelex Xobeh.
 10062 | D:8      | Noticed Joseph
 10066 | D:8      | Killed Maurice
 10075 | D:8      | Killed Joseph
 10136 | D:8      | Noticed Grum
 10145 | D:8      | Killed Grum
 10145 | D:8      | Reached ***** piety under Trog
 11148 | D:9      | Noticed Prince Ribbit
 11160 | D:9      | Killed Prince Ribbit
 11208 | D:9      | Identified the +0 chain mail "Fuybbinn" {Harm Int+2 Stlth+}
 11301 | D:9      | Found a glowing silver altar of Zin.
 11303 | D:9      | Found a shadowy altar of Dithmenos.
 11597 | D:9      | Found a staircase to the Orcish Mines.
 11933 | D:10     | Entered Level 10 of the Dungeon
 12003 | D:10     | Found an iron altar of Okawaru.
 12111 | D:10     | Noticed a two-headed ogre
 12168 | D:10     | Killed a two-headed ogre
 12169 | D:10     | Reached XP level 11. HP: 60/60 MP: 12/12
 12508 | D:10     | Identified the +7 quarterstaff of Fate {venom, rF+ Str+3
                  | Int+3}
 12539 | D:10     | Identified the +9 quarterstaff of Joulext {vorpal, Fragile
                  | rC++ Int+8 Dex-5}
 12583 | D:10     | Noticed a skeletal warrior
 12633 | D:10     | Killed a skeletal warrior
 12866 | D:10     | Reached skill level 5 in Armour
 12929 | D:10     | Found a staircase to the Lair.
 13647 | D:11     | Found a sacrificial altar of Ru.
 13699 | D:11     | Noticed a centaur warrior
 13707 | D:11     | Killed a centaur warrior
 13716 | D:11     | HP: 3/62 [cyclops/large rock (31)]
 14388 | D:11     | Reached ****** piety under Trog
 14495 | D:11     | Found a portal to a secret trove of treasure.
 14587 | D:11     | Noticed a brown ugly thing
 14610 | D:11     | Killed a brown ugly thing
 14905 | D:12     | Found a snail-covered altar of Cheibriados.
 15445 | D:12     | Noticed Josephine
 15457 | D:12     | Killed Josephine
 15463 | D:12     | Received a gift from Trog
 15704 | D:12     | Noticed a boulder beetle
 15721 | D:12     | Killed a boulder beetle
 15722 | D:12     | Reached skill level 10 in Fighting
 15722 | D:12     | Reached XP level 12. HP: 63/67 MP: 13/13
 15838 | D:12     | Reached skill level 10 in Axes
 16158 | D:12     | Noticed Nessos
 16170 | D:12     | Killed Nessos
 16790 | D:13     | Noticed a centaur warrior
 16801 | D:13     | Killed a centaur warrior
 17065 | D:13     | Noticed a seven-headed hydra
 17095 | D:13     | Killed a three-headed hydra
 17250 | D:13     | Noticed a four-headed hydra
 17258 | D:13     | Killed a one-headed hydra
 18013 | D:13     | You fall into a shaft and drop 2 floors!
 18013 | D:15     | Entered Level 15 of the Dungeon
 18084 | D:15     | Noticed a tengu warrior
 18100 | D:15     | Killed a tengu warrior
 18239 | D:15     | Noticed a boulder beetle
 18265 | D:15     | Killed a boulder beetle
 18567 | D:15     | Noticed a tengu warrior
 18585 | D:15     | Killed a tengu warrior
 19049 | D:15     | Found a staircase to the Depths.
 19049 | D:15     | Noticed a vampire mage
 19249 | D:15     | Killed a vampire mage
 19375 | D:15     | Reached XP level 13. HP: 72/74 MP: 14/14
 20595 | D:15     | Gained mutation: Your magical capacity is low. (-10% MP)
                  | [potion of mutation]
 20595 | D:15     | Gained mutation: You have a pair of small horns on your
                  | head. [potion of mutation]
 20676 | D:14     | Reached skill level 1 in Evocations
 21640 | D:14     | Reached skill level 5 in Evocations
 21723 | D:14     | Found a gate to the Vaults.
 22017 | D:13     | Received a gift from Trog
 22736 | Orc:1    | Entered Level 1 of the Orcish Mines
 22890 | Orc:1    | Found a dark tunnel.
 23232 | Orc:2    | Entered Level 2 of the Orcish Mines
 23730 | Orc:2    | Received a gift from Trog
 23791 | Orc:2    | Reached XP level 14. HP: 77/79 MP: 13/13
 24008 | Orc:2    | Found a staircase to the Elven Halls.
 24750 | Orc:2    | Found Nuedalir's Distillery.
 24764 | Orc:2    | Bought 2 potions of might for 96 gold pieces
 24764 | Orc:2    | Bought a potion of invisibility for 96 gold pieces
 24764 | Orc:2    | Bought a potion of might for 48 gold pieces
 24764 | Orc:2    | Bought a potion of ambrosia for 96 gold pieces
 24764 | Orc:2    | Bought a potion of curing for 36 gold pieces
 24764 | Orc:2    | Bought a potion of curing for 36 gold pieces
 24764 | Orc:2    | Bought a potion of heal wounds for 60 gold pieces
 24764 | Orc:2    | Bought a potion of flight for 36 gold pieces
 24772 | Orc:2    | Found Werustri's Magic Scroll Shop.
 25039 | Orc:2    | Bought a scroll of torment for 112 gold pieces
 25039 | Orc:2    | Bought a scroll of random uselessness for 15 gold pieces
 25039 | Orc:2    | Bought a scroll of identify for 30 gold pieces
 25039 | Orc:2    | Bought a scroll of magic mapping for 52 gold pieces
 25039 | Orc:2    | Bought a scroll of identify for 30 gold pieces
 25039 | Orc:2    | Bought a scroll of magic mapping for 52 gold pieces
 25039 | Orc:2    | Bought a scroll of blinking for 112 gold pieces
 25039 | Orc:2    | Bought a scroll of blinking for 112 gold pieces
 25039 | Orc:2    | Bought a scroll of enchant weapon for 112 gold pieces
 25332 | Orc:2    | Noticed Snorg
 25361 | Orc:2    | Received a gift from Trog
 25371 | Orc:2    | Killed Snorg
 25695 | Orc:2    | Noticed Saint Roka
 25735 | Orc:2    | Killed Saint Roka
 26045 | Orc:2    | Found Penex's Book Boutique.
 26222 | Orc:2    | Found Pusulamp's Magic Scroll Emporium.
 26399 | Lair:1   | Entered Level 1 of the Lair of Beasts
 27113 | Lair:1   | Identified the +8 quarterstaff of Dim Light {vorpal, +Rage
                  | rPois rN++ Str-5}
 27904 | Lair:2   | Noticed Nergalle
 27944 | Lair:2   | Killed Nergalle
 29229 | Lair:3   | Found a staircase to the Snake Pit.
 29364 | Lair:3   | Identified the +3 trident of the Whale {protect, Dex+3}
 29751 | Lair:3   | Reached skill level 10 in Armour
 29776 | Lair:3   | Found a staircase to the Swamp.
 30742 | Lair:4   | You fall into a shaft and drop 2 floors!
 30742 | Lair:6   | Entered Level 6 of the Lair of Beasts
 30742 | Lair:6   | Found a viscous altar of Jiyva.
 30742 | Lair:6   | Found a staircase to the Slime Pits.
 30755 | Lair:6   | Reached skill level 10 in Evocations
 30755 | Lair:6   | Reached XP level 15. HP: 82/85 MP: 14/14
 33039 | Lair:6   | Found a large runed translucent door.
 33041 | Lair:6   | Found a large runed translucent door.
 35551 | Lair:5   | Received a gift from Trog
 36339 | Snake:1  | Entered Level 1 of the Snake Pit
 36349 | Snake:1  | Reached skill level 1 in Shields
 36886 | Snake:1  | Found a burning altar of Makhleb.
 37187 | Snake:1  | You fall into a shaft and drop 1 floor!
 37344 | Snake:2  | Reached XP level 16. HP: 91/91 MP: 11/15
 39147 | Snake:1  | Reached skill level 5 in Shields
 39258 | Snake:3  | Found a shimmering altar of Xom.
 39844 | Snake:3  | Found Xungij's Antique Armour Shop.
 39848 | Snake:3  | Found Apasifuo's Jewellery Shop.
 39856 | Snake:3  | Bought a ring of poison resistance for 280 gold pieces
 40572 | Snake:4  | Entered Level 4 of the Snake Pit
 43244 | Snake:4  | Reached skill level 10 in Shields
 43244 | Snake:4  | Reached XP level 17. HP: 75/95 MP: 13/16
 43701 | Snake:4  | Got a serpentine rune of Zot
 43893 | Swamp:1  | Entered Level 1 of the Swamp
 44000 | Swamp:1  | Identified Roxanne's Volume of Changing
 44000 | Swamp:1  | Noticed Roxanne
 44054 | Swamp:1  | Killed Roxanne
 45221 | Swamp:2  | Found a transporter.
 45224 | Swamp:2  | Found a runed translucent door.
 45225 | Swamp:2  | Noticed Esebbu's ghost (adept DsAK)
 45372 | Swamp:2  | Found a transporter.
 45671 | Swamp:3  | Killed from afar by a will-o-the-wisp

Illustrated notes

Levels and vault maps discovered:
D:1:      dpeg_arrival_rhombi, layout_loops_ring
D:2:      layout_basic, minmay_misc_feat_secret_circle,
          hangedman_decor_slide_cut
D:3:      layout_basic, ashenzari_altar_1, uniq_jessica
D:4:      layout_basic, nicolae_tso_carved_into_rock,
          minmay_temple_entry_stoned_glass, okawaru_ov_weapons_minmay
D:5:      layout_basic
D:6:      layout_loops_cross, uniq_blork_the_orc
D:7:      minmay_the_grid_octo_2x2 [minmay_the_grid_octo_checkered,
          minmay_the_grid_octo_pinwheel, minmay_the_grid_octo_77,
          minmay_the_grid_octo_prize_single_spiral], layout_cave_pools,
          lemuel_mausoleum_altar_kikubaaqudgha, uniq_harold
D:8:      layout_layer_cave, nemelex_xobeh_ov_fountains_minmay, uniq_erica,
          uniq_joseph, uniq_maurice, uniq_maggie, uniq_grum
D:9:      layout_basic, chequers_temple_overflow_statue_of_worship,
          minmay_orc_entry_temple_small, uniq_prince_ribbit1
D:10:     minmay_cut_squares, layout_long_grid, dpeg_oklobed_lair, basic_altar
D:11:     layout_basic, enter_trove_1, nicolae_ru_awakened_eye
D:12:     layout_stronghold, basic_altar, uniq_josephine, uniq_nessos
D:13:     layout_roguey
D:14:     layout_roguey [special_room_orc], lightli_vaults_fourway_checkpoint,
          kennysheep_path_1
D:15:     gammafunk_depths_entry_grave, layout_loops_corners, roderic_lattice_a
Lair:1:   dragon1_lemuel, layout_cave_pods, minmay_lair_oklob_chamber
Lair:2:   layout_cave_shapes, uniq_nergalle
Lair:3:   layout_small_grid, nicolae_swamp_entry_splash_gauntlet,
          guppyfry_snake_entry_island, lemuel_fruit_fields
Lair:4:   layout_hall_layers, lemuel_fruit_tree
Lair:5:   layout_concentric_octagons
Lair:6:   cheibrodos_lair_end_hotspot, layout_layer_cave, slime_altar_1
Swamp:1:  layout_basic_swamp, evilmike_swamp_ruin_house_4, swamp_pool3,
          uniq_roxanne
Swamp:2:  gammafunk_worm_tunnel, layout_basic_swamp, ebering_ghost_inner_flame,
          evilmike_swamp_ruin_house_2, swamp_pool2
Swamp:3:  layout_basic_swamp, gammafunk_ghost_cemetery,
          evilmike_swamp_ruin_rubble_1, swamp_pool5, nicolae_swamp_fairy_circle,
          nicolae_swamp_triple_paths
Snake:1:  layout_misc_corridors, basic_altar
Snake:2:  layout_cave_pods, special_room
Snake:3:  layout_layer_cave, basic_altar, minmay_shop_star
Snake:4:  snake_pit, layout_misc_corridors, grunt_megastairs_4
Orc:1:    layout_diamond_mine, enter_volcano_2, nicolae_orc_flooded_monolith
Orc:2:    pubby_orc_utopia, uniq_snorg

Skill      XL: |  1  2  3  4  5  6  7  8  9 10 11 12 13 14 15 16 17 |
---------------+----------------------------------------------------+-----
Axes           | 3 4 5 6 7 8 9 11 12 13 | 13.3
Fighting       | 3 4 5 6 7 8 10 11 12 13 | 13.3
Dodging        | 5 6 7 8 9 10 | 10.9
Armour         | 1 4 6 7 9 10 | 10.8
Evocations     | 6 10 11 | 11.9
Shields        | 3 10 11 | 11.0

Action                   |  1- 3 |  4- 6 |  7- 9 | 10-12 | 13-15 | 16-18 || total
-------------------------+-------+-------+-------+-------+-------+-------++-------
Melee: Hand axe          |   148 |    50 |       |       |       |       ||   198
       War axe           |       |    91 |   308 |   708 |  1410 |   644 ||  3161
       Quarterstaff      |       |       |       |    19 |    55 |       ||    74
       Scimitar          |       |       |       |    17 |   103 |     9 ||   129
       Headbutt          |       |       |       |       |   360 |   175 ||   535
Throw: Dart              |       |    86 |    92 |    76 |    30 |     4 ||   288
       Boomerang         |       |     5 |       |    12 |       |     4 ||    21
       Throwing net      |       |       |       |     1 |       |       ||     1
Invok: Berserk           |     1 |     3 |     7 |    32 |    21 |    11 ||    75
       Trog's Hand       |       |       |       |     8 |    20 |    17 ||    45
       Brothers in Arms  |       |       |       |       |    15 |     5 ||    20
Evoke: Wand              |       |       |     6 |    16 |    10 |     7 ||    39
       Tin of tremorston |       |       |       |     2 |       |       ||     2
       Condenser vane    |       |       |       |     1 |     1 |       ||     2
  Use: Scroll            |       |       |     7 |    22 |    11 |     1 ||    41
       Potion            |       |       |       |     4 |     8 |     1 ||    13
 Stab: Sleeping          |     2 |     3 |     2 |       |       |       ||     7
       Paralysed         |       |       |    14 |     4 |       |       ||    18
       Held in net/web   |       |       |       |     1 |       |       ||     1
       Invisible         |       |       |       |       |    17 |       ||    17
       Distracted        |       |       |       |       |       |     2 ||     2
Armor: Animal skin       |    25 |    21 |    44 |       |       |       ||    90
       Ice dragon scales |       |       |    31 |   282 |   553 |   175 ||  1041
Dodge: Dodged            |   135 |   126 |   348 |   775 |  1521 |   381 ||  3286
Block: Buckler           |       |       |       |       |    27 |   227 ||   254
       Rpst.: Scimitar   |       |       |       |     6 |    50 |     2 ||    58

Table legend: (Time is in decaauts)
 A = Elapsed time spent in this place.
 B = Non-inter-level travel time spent in this place.
 C = Inter-level travel time spent in this place.
 D = Time resting spent in this place.
 E = Time spent auto-exploring this place.
 F = Levels seen in this place.
 G = Mean time per level.
                   A        B        C        D        E       F      G
               +--------+--------+--------+--------+--------+-----+--------+
         Total |  37756 |  36809 |    947 |  12531 |  17072 |  30 | 1258.5 |
       Dungeon |  18857 |  18305 |    552 |   6880 |   7575 |  15 | 1257.1 |
          Lair |   8016 |   7846 |    170 |   1712 |   4853 |   6 | 1336.0 |
         Swamp |   1675 |   1675 |      0 |   1085 |    181 |   3 |  558.3 |
     Snake Pit |   6223 |   6068 |    155 |   2395 |   2691 |   4 | 1555.8 |
  Orcish Mines |   2984 |   2916 |     68 |    457 |   1769 |   2 | 1492.0 |
               +--------+--------+--------+--------+--------+-----+--------+

Top non-repeatable levels by time:
  Lair:6: 3077 daAuts
   Orc:2: 2497 daAuts
    D:15: 2192 daAuts
 Snake:3: 2022 daAuts
 Snake:4: 1783 daAuts
    D:12: 1661 daAuts
     D:7: 1644 daAuts
    D:10: 1611 daAuts
 Snake:1: 1562 daAuts
    D:13: 1472 daAuts
     D:4: 1408 daAuts
     D:5: 1292 daAuts
     D:6: 1285 daAuts
    D:14: 1215 daAuts
     D:8: 1196 daAuts
